[Event "Late-Titled-Tuesday-Blitz-February-06-2024"]
[Site "Chess.com"]
[Date "2024.02.06"]
[Round "1"]
[White "protectiago"]
[Black "masnyszachistaaa"]
[Result "1/2-1/2"]
[WhiteElo "2079"]
[BlackElo "2545"]
[TimeControl "180+1"]
[EndTime "14:08:05 PST"]
[Termination "Game drawn - insufficient material"]

1. d4 g6 2. c4 Bg7 3. Nc3 c5 4. d5 Bxc3+ 5. bxc3 f5 6. Nf3 Nf6 7. Bh6 Qa5 8. Qb3 d6 9. Bg7 Rg8 10. Bxf6 exf6 11. Qb5+ Qxb5 12. cxb5 Nd7 13. e3 Ne5 14. Kd2 Ng4 15. Ke2 Bd7 16. Rb1 Kf7 17. h3 Ne5 18.
Kd2 Rge8 19. Be2 c4 20. Nd4 g5 21. f4 gxf4 22. exf4 Ng6 23. g3 Rac8 24. Rb4 Rc5 25. Bxc4 Rec8 26. Kd3 Ne7 27. Ra4 a6 28. Rb1 axb5 29. Nxb5 Bxb5 30. Rxb5 Rxb5 31. Bxb5 Rc5 32. c4 Nxd5 33. cxd5 Rxb5 34. Kc4 Rb2 35. Rb4 Rxa2 36.
Rxb7+ Kg6 37. Rd7 Ra3 38. g4 Rxh3 39. gxf5+ Kxf5 40. Rxd6 h5 41. Rd8 Kxf4 42. Rf8 f5 43. d6 Rh1 44. d7 Rc1+ 45. Kb3 Rd1 46. d8=Q Rxd8 47. Rxd8 h4 48. Rh8 Kg3 49. Kc3 h3 50. Kd2 h2 51. Ke3 Kg2 52. Kf4 h1=Q 53. Rxh1 Kxh1 54.
Kxf5 1/2-1/2

[Event "Late-Titled-Tuesday-Blitz-February-06-2024"]
[Site "Chess.com"]
[Date "2024.02.06"]
[Round "1"]
[White "TanitoluwaAps116"]
[Black "Kingstar70"]
[Result "1-0"]
[WhiteElo "2822"]
[BlackElo "2440"]
[TimeControl "180+1"]
[EndTime "14:08:07 PST"]
[Termination "TanitoluwaAps116 won on time"]

1. e4 c5 2. Nf3 d6 3. Bb5+ Nd7 4. c3 a6 5. Bd3 e6 6. Bc2 Ngf6 7. d4 Be7 8. O-O O-O 9. e5 dxe5 10. dxe5 Nd5 11. Qd3 g6 12. Bh6 Re8 13. Nbd2 Qc7 14. Rfe1 b5 15.
Qe4 Bb7 16. Qg4 Rad8 17. h4 Nf8 18. h5 Rd7 19. Ne4 Red8 20. hxg6 hxg6 21. Nfg5 Qxe5 22. Nxf7 Qf5 23. Qxf5 exf5 24. Nxd8 Rxd8 25. Ng5 Bf6 26. Rad1 c4 27. Rd2 Bg7 28. Bxg7 Kxg7 29. Re7+ Kf6 30. Rxb7 Kxg5 31. Ra7 Rd6 32. Bd1 Ne6 33. Bf3 Nef4 34. Bxd5 Nxd5 35. a4 Kf6 36. axb5 axb5 37. Rb7 b4 38.
Rb5 Ke6 39. cxb4 Nf4 40. Rxd6+ Kxd6 41. Rc5 Nd3 42. Rxc4 Nxb2 43. Rc3 Na4 44. Ra3 Nb2 45. Ra6+ Ke5 46. Rxg6 Nd3 47. g3 Nxb4 48. Rb6 Nd5 49.
Rb5 Ke4 50. Kg2 Nc3 51. Rb4+ Ke5 52. Kf3 Ne4 53. Rxe4+ fxe4+ 54. Ke3 Kd5 55. Kf4 Kd4 56. g4 Kd5 57. g5 1-0

[Event "Late-Titled-Tuesday-Blitz-February-06-2024"]
[Site "Chess.com"]
[Date "2024.02.06"]
[Round "1"]
[White "komogro"]
[Black "dropstoneDP"]
[Result "0-1"]
[WhiteElo "2517"]
[BlackElo "3010"]
[TimeControl "180+1"]
[EndTime "14:08:10 PST"]
[Termination "dropstoneDP won on time"]

1. Nf3 d5 2. g3 g6 3. Bg2 Bg7 4. O-O e5 5. c4 dxc4 6. Na3 Ne7 7. Nxc4 Nbc6 8. d3 O-O 9. Rb1 a5 10. b3 Re8 11. Bb2 Nf5 12. a3 h6 13. Re1 Ra6 14.
e3 Nd6 15. Qc2 Bf5 16. Nh4 Nxc4 17. Nxf5 Nxb2 18. Nxg7 Kxg7 19. Qxb2 Rb6 20. Rbd1 Qd6 21. h4 h5 22. Rd2 Qe6 23. Rb1 Rd8 24. Qc3 Rd6 25. d4 exd4 26. exd4 Qf6 27. Rbd1 Rd7 28. Rd3 Ne7 29. d5 Qxc3 30. Rxc3 Rbd6 31. Rdc1 Nxd5 32. Bxd5 Rxd5 33. Rxc7 Rxc7 34. Rxc7 b6 35. Rc4 Rd3 36. b4 Rxa3 37. bxa5 bxa5 38. Rc6 Kf8 39. Rc7 a4 40. Ra7 Ra1+ 41. Kg2 a3 42. Kf3 Kg7 43. Kf4 Kf6 44.
Ra6+ Kg7 45. Ra7 Ra2 46. f3 Ra1 47. Ra6 f6 48. Ra7+ Kf8 49. Ra6 Ke7 50. Ra7+ Kd8 51. Ra6 a2 52. Ra7 Kc8 53. Ra3 Kb7 54. Ra4 Kb6 55. Ra8 Kb5 56. Rb8+ Kc4 57. Rc8+ Kd3 58. Rd8+ Ke2 59. Re8+ Kf2 60. Ra8 Kg2 61. Ra7 Kh3 62.
Ra3 Rc1 63. Rxa2 Rc4+ 64. Ke3 Kxg3 65. Ra6 Rf4 66. Ra1 Rxf3+ 67. Ke4 Rf4+ 68. Ke3 Rg4 69. Rf1 f5 0-1

[Event "Late-Titled-Tuesday-Blitz-February-06-2024"]
[Site "Chess.com"]
[Date "2024.02.06"]
[Round "1"]
[White "wild3000"]
[Black "MatyChess1"]
[Result "1-0"]
[WhiteElo "2355"]
[BlackElo "2638"]
[TimeControl "180+1"]
[EndTime "14:08:10 PST"]
[Termination "wild3000 won on time"]

1. d4 d5 2. Nf3 Nf6 3. e3 e6 4.
Be2 Bd6 5. O-O O-O 6. b3 c5 7.
Bb2 cxd4 8. Nxd4 Re8 9. c4 dxc4 10. Bxc4 a6 11. Nc3 b5 12. Be2 Bb7 13. Bf3 Qb6 14. Bxb7 Qxb7 15. Rc1 Nbd7 16. Qf3 Qxf3 17. Nxf3 Rac8 18.
Rfd1 Bf8 19. Kf1 Rc7 20. Ke2 Rec8 21. Nb1 Nd5 22. Rxc7 Rxc7 23. Rc1 Rxc1 24. Bxc1 Bb4 25. a3 Bd6 26. Bb2 f5 27. h3 Nc5 28. Nfd2 Kf7 29. b4 Na4 30. Bc1 g5 31. Kd3 h5 32.
Nb3 h4 33. Bd2 Nb2+ 34. Kc2 Nc4 35. Bc1 Nf6 36. f3 Nd5 37. Kd3 Kf6 38. Nc3 Nxc3 39. Kxc3 Be5+ 40. Kc2 Bd6 41. Kc3 Ke5 42. a4 Nb6 43. axb5 axb5 44. Nd4 Nd5+ 45. Kb3 Nxb4 46. Nxb5 Nd3 47. Bd2 Kd5 48. Nc3+ Kc5 49. Ne2 Be5 50. f4 gxf4 51. exf4 Bd6 52. Ng1 Kd5 53. Nf3 Bxf4 54. Kc2 1-0

[Event "Late-Titled-Tuesday-Blitz-February-06-2024"]
[Site "Chess.com"]
[Date "2024.02.06"]
[Round "1"]
[White "carokannlover213"]
[Black "The_Straightforward_Rook"]
[Result "0-1"]
[WhiteElo "2749"]
[BlackElo "2424"]
[TimeControl "180+1"]
[EndTime "14:08:11 PST"]
[Termination "The_Straightforward_Rook won on time"]

1. c4 c6 2. Nc3 d5 3. d4 Nf6 4. Nf3 e6 5. Bg5 h6 6. Bxf6 Qxf6 7. e3 Nd7 8. Be2 g6 9. O-O Bg7 10. Qc2 O-O 11. e4 dxe4 12. Nxe4 Qd8 13. Nd6 Qc7 14. c5 e5 15. Rad1 exd4 16. Nxd4 Nf6 17. Nxc8 Raxc8 18. Bf3 Rcd8 19. b4 a6 20. Nb3 Rxd1 21.
Rxd1 Rd8 22. Na5 Qe7 23. Nc4 Nd5 24. Bxd5 cxd5 25. Nd6 d4 26. Qe4 Re8 27. Qxe7 Rxe7 28. Kf1 Kf8 29. Re1 Be5 30. Nc4 Bc7 31. a3 Rxe1+ 32.
Kxe1 Ke7 33. Kd2 Ke6 34. Kd3 Kd5 35. Nd2 Bxh2 36. g3 f5 37. Nf3 Bxg3 38. fxg3 g5 39. Nxd4 f4 40. gxf4 gxf4 41. Ne2 f3 42. Nc3+ Ke5 43.
Ke3 f2 44. Kxf2 Kd4 45. a4 Kc4 46. Na2 a5 47. b5 Kxc5 48. Ke3 Kc4 49. b6 Kb3 50.
Nc1+ Kxa4 51. Kd4 Kb5 52. Kc3 Kxb6 53. Ne2 Kc5 54. Ng3 b5 55. Ne4+ Kd5 56. Nf6+ Ke6 57.
Ng4 h5 58. Nf2 h4 59. Kd4 b4 60. Ke3 b3 61. Nd3 Kd5 62. Nb2 h3 0-1

[Event "Late-Titled-Tuesday-Blitz-February-06-2024"]
[Site "Chess.com"]
[Date "2024.02.06"]
[Round "1"]
[White "spaski2004"]
[Black "VitorBronson"]
[Result "1-0"]
[WhiteElo "2956"]
[BlackElo "2507"]
[TimeControl "180+1"]
[EndTime "14:08:16 PST"]
[Termination "spaski2004 won on time"]

1. Nf3 d5 2. e3 Nf6 3. c4 c6 4. b3 e6 5. Bb2 Bd6 6. Qc2 O-O 7.
Nc3 a6 8. g4 e5 9. g5 d4 10.
exd4 exd4 11. Nxd4 Re8+ 12. Be2 Ng4 13. h3 Nxf2 14. Rf1 Bg3 15. Nf5 Nd3+ 16. Kd1 Nxb2+ 17. Qxb2 Be5 18. Qc2 b5 19. a3 c5 20. cxb5 axb5 21.
Bxb5 Bd7 22. Bc4 Be6 23. Ne3 Nc6 24. Rc1 Nd4 25. Qd3 Nxb3 26. Rc2 Bxc4 27. Qxd8 Raxd8 28. Nxc4 Nd4 29. Rb2 Nc6 30. Kc2 Nd4+ 31. Kb1 Bc7 32. Rb7 Rb8 33. Rxb8 Rxb8+ 34. Ka2 g6 35. Rb1 Rd8 36.
Rb7 Bf4 37. Ne4 Nf3 38. Nf6+ Kg7 39. Kb3 Nxd2+ 40. Nxd2 Bxd2 41. Ne4 Bf4 42. Rb5 Rc8 43. Rxc5 Rb8+ 44. Kc4 Bc1 45. a4 Ba3 46. Rb5 Rc8+ 47. Kb3 Be7 48. a5 Kf8 49. a6 Rd8 50. a7 Rd3+ 51. Kc4 Ra3 52. Rb8+ Kg7 53. a8=Q Rxa8 54. Rxa8 h6 55. Ra7 hxg5 56. Rxe7 1-0

[Event "Late-Titled-Tuesday-Blitz-February-06-2024"]
[Site "Chess.com"]
[Date "2024.02.06"]
[Round "1"]
[White "Mistango"]
[Black "LionTheLeon_06"]
[Result "1-0"]
[WhiteElo "2500"]
[BlackElo "2885"]
[TimeControl "180+1"]
[EndTime "14:08:16 PST"]
[Termination "Mistango won by resignation"]

1. e4 a6 2. d4 e6 3. Nf3 d5 4. Nc3 Nf6 5. Bd3 c5 6. dxc5 Bxc5 7. O-O Nc6 8. Bg5 dxe4 9. Nxe4 Be7 10. Qe2 O-O 11. Rad1 Nxe4 12. Qxe4 g6 13. Bh6 Re8 14. Bxa6 Qb6 15. Bc4 Qxb2 16. Bb3 Bf6 17. Ng5 Qe5 18. Qh4 Ra5 19. f4 Qc5+ 20. Kh1 Nd4 21. Bf8 Bxg5 22. Bxc5 Bxh4 23. Bxd4 Be7 24. Bc3 Ra6 25. Rd3 b5 26. Rfd1 Ra8 27. Be5 Bb7 28. Rd7 Be4 29.
Rc7 Bf8 30. Kg1 Red8 31. Rdd7 Rxd7 32. Rxd7 Bc5+ 33. Kf1 h5 34. Bf6 b4 35. h3 Bc6 36.
Rc7 Bb5+ 37. Ke1 Bf8 38. g4 hxg4 39. hxg4 Bd6 40. Rb7 Ba6 41. Rb6 Bxf4 42. Rxb4 Bd6 43. Rb6 Bf8 44. Rc6 Bg7 45. g5 Bxf6 46. gxf6 g5 47.
Rc5 Kh7 48. Rxg5 Kh6 49. Rg7 Rf8 50. Kf2 Bb7 51. Ke3 e5 52. a4 Bc6 53. a5 Ra8 54.
Rxf7 Rxa5 55. Rc7 Ra6 56. f7 Kg7 57. Rc8 Ra8 58. f8=Q+ 1-0

[Event "Late-Titled-Tuesday-Blitz-February-06-2024"]
[Site "Chess.com"]
[Date "2024.02.06"]
[Round "1"]
[White "HaryKane"]
[Black "martinmena"]
[Result "1-0"]
[WhiteElo "2574"]
[BlackElo "2162"]
[TimeControl "180+1"]
[EndTime "14:08:16 PST"]
[Termination "HaryKane won by resignation"]

1. d4 d5 2. e3 Nf6 3. f4 Bg4 4. Nf3 e6 5. Bd3 Ne4 6. O-O Bd6 7. Nbd2 f5 8. c4 c6 9. c5 Bc7 10. b4 a6 11. a4 Nd7 12. Qc2 O-O 13. Bb2 Rf6 14. b5 a5 15. b6 Bb8 16. Bc3 Rg6 17.
Nb3 Bh3 18. Ne1 Qh4 19. Bxe4 fxe4 20. Nxa5 Nf6 21. Kh1 Ng4 22. gxh3 Nxe3 23. Qf2 Qxh3 24.
Rg1 Rxg1+ 25. Qxg1 Bxf4 26. Nxb7 Ng4 27. Ra2 e3 28.
Qg2 Qxg2+ 29. Rxg2 Nf2+ 30. Kg1 Nh3+ 31. Kf1 Nf2 32. a5 Ne4 33. Bb4 Nd2+ 34. Bxd2 exd2 35. Ke2 dxe1=Q+ 36. Kxe1 Rb8 37. a6 Ra8 38. a7 Bb8 39. axb8=Q+ Rxb8 40. Nd6 Rd8 41. Rb2 Rb8 42. b7 Kf8 43.
Rb6 Ke7 44. Rxc6 Kd7 45. Rc8 Rxb7 46. Nxb7 Kxc8 47. Nd6+ Kc7 48. Ke2 Kc6 49. Nf7 g5 50.
Nxg5 h6 51. Nxe6 Kd7 52. Nf4 Kc6 53. Kf3 Kd7 54. Nxd5 Kc6 55. Ne3 h5 56. Ke4 h4 57.
Ke5 h3 58. Ke6 Kc7 59. d5 Kc8 60. d6 Kd8 61. d7 Kc7 62. Ke7 Kc6 63. d8=Q Kxc5 64.
Qd5+ Kb4 65. Qc6 Kb3 66. Kd6 Kb2 67. Kd5 Kb3 68. Kd4 1-0

[Event "Late-Titled-Tuesday-Blitz-February-06-2024"]
[Site "Chess.com"]
[Date "2024.02.06"]
[Round "1"]
[White "colegiodemadrid"]
[Black "BilodeauA"]
[Result "0-1"]
[WhiteElo "2514"]
[BlackElo "2991"]
[TimeControl "180+1"]
[EndTime "14:08:18 PST"]
[Termination "BilodeauA won by resignation"]

1. e4 c5 2. Nf3 Nc6 3. d4 cxd4 4.
Nxd4 Nf6 5. Nc3 d6 6. Bc4 Bd7 7.
Be3 Rc8 8. Qe2 g6 9. f3 Bg7 10. O-O-O O-O 11. g4 a6 12. h4 b5 13. Bb3 Na5 14.
h5 b4 15. Nb1 Nxb3+ 16. axb3 Qa5 17. hxg6 fxg6 18. Qh2 Rc5 19. Bh6 Bxh6+ 20. Qxh6 Rfc8 21. Rd2 e5 22. Nf5 Bxf5 23. gxf5 Qc7 24. Rhh2 Qg7 25.
fxg6 Qxh6 26. Rxh6 hxg6 27. Rxg6+ Kf7 28. Rgg2 Ke6 29.
c4 Rh8 30. Rd1 Rh3 31. Rf1 Rc7 32. Nd2 Rf7 33. Rfg1 Nd7 34. Rg6+ Ke7 35. R6g3 Rhh7 36. Kc2 Nc5 37. Ra1 Rh2 38. Rag1 a5 39. R3g2 Rfh7 40. Nf1 Rxg2+ 41. Rxg2 Rh1 42. Ne3 Rh3 43. Nd5+ Kf7 44. f4 Ne6 45. fxe5 Nd4+ 46. Kd1 dxe5 47. Rf2+ Kg7 48.
c5 Rh1+ 49. Kd2 Nxb3+ 50. Kd3 Nxc5+ 51. Kc4 Nxe4 52. Rg2+ Kf7 53. Kb5 Rc1 54. Ne3 Rc5+ 55. Ka4 Nd6 56. b3 Ne4 57. Nd1 Rd5 58. Re2 Nc5+ 59.
Kb5 Ne6+ 60. Kc4 Rxd1 61. Rxe5 Ra1 0-1

[Event "Late-Titled-Tuesday-Blitz-February-06-2024"]
[Site "Chess.com"]
[Date "2024.02.06"]
[Round "1"]
[White "emeli_chess"]
[Black "mr_gustavo"]
[Result "1-0"]
[WhiteElo "2398"]
[BlackElo "2703"]
[TimeControl "180+1"]
[EndTime "14:08:22 PST"]
[Termination "emeli_chess won on time"]

1. d4 Nf6 2. c4 g6 3. Nc3 Bg7 4.
e4 O-O 5. Be3 d6 6. f3 c5 7. Nge2 Nc6 8. d5 Ne5 9. Ng3 e6 10. Be2 exd5 11. cxd5 h5 12. O-O h4 13.
Nh1 a6 14. a4 Re8 15. Nf2 c4 16. Qd2 Nfd7 17. f4 Nd3 18. Nxd3 cxd3 19. Bxd3 h3 20. g3 Nf6 21. Bd4 Ng4 22. Be2 Nf6 23. Bf3 Nd7 24.
Bxg7 Kxg7 25. Qd4+ Kg8 26. Rac1 Nc5 27. Rc2 Bd7 28. e5 Bf5 29. Ne4 Bxe4 30. Bxe4 Rc8 31.
e6 f5 32. Bd3 a5 33. Rfc1 Rc7 34. Rxc5 dxc5 35. Qe5 Rd7 36. Bc4 Rd6 37. Rd1 Re7 38.
Rd2 Kh7 39. Re2 Qc7 40. Qf6 Qd8 41. Re5 Rb6 42. Qh4+ Kg7 43. b3 Rd6 44. Qxh3 Rb6 45.
Qg2 Rd6 46. Qb2 Kg8 47. Re1 Qf8 48. Qe5 Qd8 49. h4 b6 50. Kf2 Kh7 51. h5 gxh5 52. Qxf5+ Kg8 53. Qe5 Rg7 54. f5 Qg5 55. Re3 Rd8 56. f6 Rg6 57. Qxg5 Rxg5 58. e7 Re8 59. d6+ Kh7 60. d7 1-0

[Event "Late-Titled-Tuesday-Blitz-February-06-2024"]
[Site "Chess.com"]
[Date "2024.02.06"]
[Round "1"]
[White "Hrant_ChessMood"]
[Black "Redzishchess"]
[Result "0-1"]
[WhiteElo "2930"]
[BlackElo "2518"]
[TimeControl "180+1"]
[EndTime "14:08:26 PST"]
[Termination "Redzishchess won on time"]

1. Nf3 b6 2. c4 Bb7 3. Nc3 Nf6 4. d3 c5 5. g3 Bxf3 6. exf3 d5 7. Bg2 e6 8. O-O Be7 9. f4 O-O 10. f5 Nc6 11. Bg5 Rc8 12. Re1 dxc4 13. dxc4 exf5 14. Bxc6 Rxc6 15. Qf3 Rd6 16. Qxf5 Nd5 17. Nxd5 Bxg5 18. Re2 g6 19. Qf3 Bf6 20. Rae1 Bd4 21. h4 h5 22. Kg2 Kg7 23. b3 Re6 24. Qf4 Rxe2 25. Rxe2 Re8 26. Re4 Rxe4 27. Qxe4 Qd6 28. b4 Qe6 29.
Qxe6 fxe6 30. Nc7 Kf6 31. bxc5 Bxc5 32. Kf3 Ke5 33. Ke2 Kd4 34. Nxe6+ Kxc4 35. Nf4 Kc3 36.
Nxg6 Kb2 37. Nf4 Kxa2 38. Nxh5 b5 39. Nf4 b4 40. Nd3 Be7 41. Kd1 b3 42. Nc1+ Ka3 43. Ne2 b2 44. Kc2 Ka2 45. Nc3+ Ka1 46. h5 a5 47. Kb3 Bf6 48. Nd5 b1=Q+ 49. Kc4 Qf5 50. f4 Qe4+ 51. Kc5 Be7+ 52. Kc6 Qe6+ 53. Kc7 Qxd5 54.
g4 Qd6+ 0-1

[Event "Late-Titled-Tuesday-Blitz-February-06-2024"]
[Site "Chess.com"]
[Date "2024.02.06"]
[Round "1"]
[White "dcann0n88"]
[Black "snowlord"]
[Result "0-1"]
[WhiteElo "2462"]
[BlackElo "2865"]
[TimeControl "180+1"]
[EndTime "14:08:26 PST"]
[Termination "snowlord won on time"]

1. d4 d5 2. c4 c6 3. Nf3 Nf6 4. e3 g6 5. Be2 Bg7 6. O-O O-O 7.
b3 a5 8. Nc3 Bf5 9. Bb2 Ne4 10.
Nxe4 Bxe4 11. a3 Bxf3 12. Bxf3 e6 13. e4 dxe4 14. Bxe4 Ra7 15. Qd2 b6 16. Rad1 Rd7 17. Bf3 Bxd4 18. Bxd4 c5 19. Qh6 cxd4 20. h4 Na6 21. h5 Qf6 22. hxg6 hxg6 23. Rd2 Rfd8 24. Rfd1 Nc5 25. b4 axb4 26. axb4 Na6 27. b5 Nc5 28.
Bc6 Rd6 29. g3 d3 30. Kg2 Nb3 31. Ra2 d2 32. Qe3 Rd3 33. Qxb6 Nd4 34. Raxd2 Rxd2 35. Rxd2 Nxc6 36. Rxd8+ Nxd8 37. c5 Qd4 38. Qc7 Qd5+ 39. Kh2 Qd2 40. Kg2 Qd5+ 41. Kg1 Kg7 42. b6 Nc6 43. b7 Qd1+ 44. Kg2 Qd5+ 45. Kh2 Qxc5 46. b8=Q Qxf2+ 47. Kh3 Nxb8 48. Qxb8 Qf1+ 49. Kh2 Qf6 50. Kh3 e5 51. Qb4 Qe6+ 52. Kg2 Qf5 53. Kh2 e4 54. Kg2 Qf3+ 55. Kh3 e3 56. Qd4+ Kg8 57. Qd8+ Kh7 58.
Qh4+ Qh5 59. Kg2 Qxh4 60. gxh4 f5 61. Kf3 f4 0-1

[Event "Late-Titled-Tuesday-Blitz-February-06-2024"]
[Site "Chess.com"]
[Date "2024.02.06"]
[Round "1"]
[White "Quattroporte300"]
[Black "Flawless_Fighter"]
[Result "1/2-1/2"]
[WhiteElo "2390"]
[BlackElo "2712"]
[TimeControl "180+1"]
[EndTime "14:08:27 PST"]
[Termination "Game drawn by repetition"]

1. e4 c5 2. Nf3 d6 3. d4 cxd4 4. Nxd4 Nf6 5. Nc3 a6 6. Be3 e5 7.
Nb3 Be6 8. f3 Be7 9. Qd2 h5 10.
O-O-O Nbd7 11. Nd5 Bxd5 12. exd5 Rc8 13. Kb1 Nb6 14.
Bxb6 Qxb6 15. c4 a5 16. Qxa5 Bd8 17. Qxb6 Bxb6 18. Bd3 g6 19. Rhe1 O-O 20. Nd2 Kg7 21. Ne4 Nxe4 22. fxe4 Bd4 23. a3 f5 24. exf5 gxf5 25. Rf1 Kg6 26. h3 Kg5 27. b4 h4 28.
Ka2 b6 29. Kb3 Rc7 30. a4 Re7 31. Be2 Be3 32. Ra1 e4 33. a5 bxa5 34. Rxa5 Rb8 35. Ra6 Bc5 36. b5 f4 37. Bg4 e3 38. Be6 Rg7 39.
Ra2 Rf8 40. Rf3 Bd4 41. Kc2 Kh6 42. Kd3 Bc5 43. Rf1 Rg3 44. Rf3 Rg5 45. Rf1 Rg7 46. Rf3 Rg5 47. Rf1 Rf6 48. Rf3 Rg7 49. Rf1 Rg3 50. Rf3 Kg5 51. Bg4 Rf8 52. Be6 Kh6 53.
Bg4 Rf6 54. Be6 Kg7 55. Bg4 Kf7 56. Be6+ Ke7 57. Ke4 Rg5 58. Kd3 Re5 59. Rf1 Kf8 60. Rf3 Kg7 61. Rf1 Kh6 62. Rf3 Rg5 63. Rf1 Rg3 64.
Rf3 1/2-1/2

[Event "Late-Titled-Tuesday-Blitz-February-06-2024"]
[Site "Chess.com"]
[Date "2024.02.06"]
[Round "1"]
[White "Akhayan"]
[Black "ansko1999"]
[Result "0-1"]
[WhiteElo "2372"]
[BlackElo "2683"]
[TimeControl "180+1"]
[EndTime "14:08:27 PST"]
[Termination "ansko1999 won by resignation"]

1. e4 d6 2. d4 Nf6 3. Nc3 c6 4. f3 e5 5. Be3 Nbd7 6. Qd2 Be7 7.
O-O-O Qc7 8. g4 b5 9. g5 Nh5 10.
Nce2 Nb6 11. Ng3 Nxg3 12. hxg3 a6 13. f4 Bg4 14. Re1 c5 15. dxe5 dxe5 16. Rh4 h5 17.
Be2 Nc4 18. Bxc4 bxc4 19. Ne2 Rd8 20. Qc3 O-O 21. Qxe5 Qd7 22. Nc3 Rfe8 23. Nd5 Bd6 24. Qc3 Rxe4 25. Rhh1 Bf8 26. Nb6 Qe6 27. Na4 Qc6 28.
b3 cxb3 29. axb3 c4 30. g6 Qxg6 31. Nc5 Ree8 32. b4 Qf5 33. Bd2 Rxe1+ 34. Rxe1 Bxc5 35. bxc5 Qxc5 36. Qb4 Qd5 37. Qc3 a5 38. Be3 a4 39.
Qa3 Qb5 40. f5 Bxf5 41. Bg5 Rb8 42. Qa1 c3 43. Qxc3 Qb1+ 44. Kd2 Qb5 45. Kc1 Bg6 46. Re5 Qb1+ 47. Kd2 Qg1 48. Qe3 Qg2+ 49. Qe2 Qxg3 50. Qe3 Qg2+ 51. Qe2 Qc6 52. Bf4 Qxc2+ 53. Ke1 Rb1+ 54. Kf2 Qxe2+ 55. Rxe2 Rb4 56. Bd6 Rc4 57. Re8+ Kh7 58. Ra8 Rd4 59. Be5 Re4 60. Bb2 h4 61. Bc1 Rc4 62. Be3 h3 63. Kg3 Rc3 64. Kf2 Rxe3 65. Kxe3 h2 66. Rxa4 h1=Q 67. Rf4 Qe1+ 0-1

[Event "Late-Titled-Tuesday-Blitz-February-06-2024"]
[Site "Chess.com"]
[Date "2024.02.06"]
[Round "1"]
[White "jinbojinbo"]
[Black "ilya2700"]
[Result "0-1"]
[WhiteElo "2620"]
[BlackElo "2330"]
[TimeControl "180+1"]
[EndTime "14:08:27 PST"]
[Termination "ilya2700 won on time"]

1. Nf3 Nf6 2. e3 g6 3. c4 Bg7 4. Nc3 O-O 5. d4 d6 6. Be2 Nbd7 7. O-O e5 8. b4 exd4 9. exd4 Re8 10. Re1 Nf8 11.
Bb2 Bf5 12. h3 Ne4 13. Nxe4 Bxe4 14. Nd2 Bf5 15. Qb3 h5 16. Bf3 c6 17. b5 Qc7 18.
Nf1 Ne6 19. Rad1 Ng5 20. Ng3 Be6 21. bxc6 bxc6 22. Be2 Rab8 23. Qa3 c5 24. Bc1 Nh7 25. dxc5 dxc5 26. Be3 Rec8 27. Ne4 Bf8 28. Qc3 Bg7 29. Qa3 Bf8 30. Rd2 Rb4 31. Nc3 Bxc4 32. Bxc4 Rxc4 33.
Nd5 Qb7 34. Qd3 Ra4 35. Qc2 Ra5 36. Qc3 Qa6 37. Bf4 Rxa2 38. Rxa2 Qxa2 39. Ne3 c4 40.
Be5 Qb3 41. Qa1 c3 42. Rc1 c2 43. Qd4 Ba3 44. Bh8 Bb2 45. Qxb2 Qxb2 46. Bxb2 a5 47. Rxc2 Rb8 48. Rd2 a4 49. Nc4 Rb4 50. Na3 Nf8 51. Kf1 Ne6 52. Ke1 Nc5 53. g3 f5 54. Kd1 Ne4 55. Rd8+ Kf7 56. Rd7+ Ke6 0-1

[Event "Late-Titled-Tuesday-Blitz-February-06-2024"]
[Site "Chess.com"]
[Date "2024.02.06"]
[Round "1"]
[White "Gentlejimmy7"]
[Black "UnTucopalaTimba"]
[Result "1-0"]
[WhiteElo "2541"]
[BlackElo "1944"]
[TimeControl "180+1"]
[EndTime "14:08:32 PST"]
[Termination "Gentlejimmy7 won on time"]

1. e4 c6 2. d4 d5 3. exd5 cxd5 4. Bd3 Nf6 5. c3 Bg4 6. Qb3 Qc8 7. Bg5 e6 8. Nd2 Be7 9. Ngf3 Nc6 10. O-O O-O 11.
Ne5 Bh5 12. Rae1 Re8 13. f4 a6 14. f5 Nxe5 15. dxe5 Bc5+ 16. Kh1 Ng4 17. Bh4 exf5 18. Bxf5 Qc6 19. Bxg4 Bxg4 20. Nf3 Bxf3 21. Rxf3 Qh6 22. Bg3 Rad8 23. Qxb7 Qd2 24. Qxf7+ Kh8 25. Ref1 h6 26. e6 Rf8 27. Qg6 Rxf3 28. gxf3 Qe2 29. Qb1 Rf8 30. Qd1 Qxb2 31. Qxd5 Qe2 32. Qd1 Qxa2 33. Be5 Qxe6 34. f4 Qc6+ 35. Qf3 Qg6 36. Qb7 Rf7 37. Qa8+ Kh7 38.
Qf3 Rf5 39. Qe4 Qh5 40. Re1 Kg8 41. Qd5+ Kh7 42. Qd3 Kg8 43. Rb1 Qf7 44. Rb8+ Kh7 45.
Qd8 Bf8 46. Rc8 Qb7+ 47. Kg1 Qf7 48. Qd3 Qg6+ 49. Kf1 Rxf4+ 50. Bxf4 Qxd3+ 51. Kg2 Qe2+ 52. Kg3 Qe4 53. Rc7 Qg6+ 54. Kf3 Qd3+ 55. Kg4 Bc5 56. Rxc5 Qe2+ 57. Kh3 Qe6+ 58. Kg3 g5 59. Be3 Qd6+ 60.
Kf2 1-0

[Event "Late-Titled-Tuesday-Blitz-February-06-2024"]
[Site "Chess.com"]
[Date "2024.02.06"]
[Round "1"]
[White "Seochesspie"]
[Black "sari07"]
[Result "0-1"]
[WhiteElo "2787"]
[BlackElo "2437"]
[TimeControl "180+1"]
[EndTime "14:08:34 PST"]
[Termination "sari07 won on time"]

1. e4 e5 2. Nf3 Nc6 3. Bb5 a6 4. Ba4 Nf6 5. O-O Be7 6. d3 b5 7.
Bb3 d6 8. c3 O-O 9. Re1 Na5 10.
Bc2 c5 11. Nbd2 Re8 12. Nf1 Bf8 13. Ng3 g6 14. h3 Bg7 15. a4 b4 16. Be3 Rb8 17. Nd2 Be6 18. Qe2 bxc3 19. bxc3 Rb2 20. Rec1 Qd7 21. Qd1 h5 22. Rcb1 Reb8 23. Rxb2 Rxb2 24.
Qc1 Qb7 25. Rb1 Rxb1 26. Qxb1 Qxb1+ 27. Bxb1 Nd7 28. Bc2 Nb6 29. Ne2 Bd7 30. d4 exd4 31. cxd4 cxd4 32. Bxd4 Nxa4 33. Bxg7 Kxg7 34. Bxa4 Bxa4 35.
Nc3 Bc6 36. Kf1 Kf6 37. Ke2 Bb5+ 38. Ke3 Nc4+ 39. Nxc4 Bxc4 40. h4 a5 41. Kd4 Bb3 42. g3 a4 43. Nb1 g5 44. Na3 gxh4 45. gxh4 Ke6 46. Nb5 Bd1 47. f4 Bb3 48. f5+ Ke7 49. Na3 Kd7 50. Nb5 Kc6 51. Na3 Kb6 52. Nb1 Kb5 53. Kc3 Kc5 54. Nd2 f6 55. Nf1 Bf7 56.
Ng3 a3 57. Ne2 a2 58. Kb2 Kc4 59. Nf4 Kd4 60. Ne6+ Kxe4 61. Ng7 Ke5 62. Ka1 Kf4 63. Kb2 Kg4 64. Ne6 Kxf5 0-1

[Event "Late-Titled-Tuesday-Blitz-February-06-2024"]
[Site "Chess.com"]
[Date "2024.02.06"]
[Round "1"]
[White "familijatop71"]
[Black "hakanazeri2"]
[Result "1-0"]
[WhiteElo "2321"]
[BlackElo "2614"]
[TimeControl "180+1"]
[EndTime "14:08:34 PST"]
[Termination "familijatop71 won on time"]

1. e4 c5 2. c3 Nf6 3. e5 Nd5 4. Nf3 Nc6 5. d4 cxd4 6. Bc4 Nb6 7. Bb3 d6 8. exd6 Qxd6 9. O-O Be6 10. Na3 Bxb3 11.
Qxb3 Qd5 12. Nb5 Qxb3 13. axb3 Rc8 14. Nbxd4 Nxd4 15. Nxd4 a6 16. b4 e6 17. b5 axb5 18. Nxb5 Bc5 19. Bf4 O-O 20. Rfd1 Nd5 21. Bg3 Ra8 22. Bd6 Bxd6 23. Nxd6 h6 24. Nxb7 Rfb8 25. Rxa8 Rxa8 26. c4 Nf4 27. Rd8+ Rxd8 28. Nxd8 Nd3 29. b3 Kf8 30. Nb7 Ke7 31. Kf1 Kd7 32. Na5 Kd6 33. Ke2 Nf4+ 34. Kf3 g5 35. g3 Nd3 36. Ke3 Ne5 37. h3 Kc5 38. Ke4 Nd7 39. Nb7+ Kb4 40. c5 Kb5 41. Nd6+ Kxc5 42. Nxf7 Kb4 43. Nxh6 Kxb3 44. Nf7 Kc3 45. Nxg5 Kd2 46. Nxe6 Ke2 47. f4 Kf2 48. g4 Kg3 49. Ng5 Kh4 50. Ne6 Kxh3 51.
g5 Kg4 52. g6 Kh5 53. f5 Kh6 54. Kd5 Nf6+ 55. Ke5 Ng4+ 56. Kd6 Nf6 57. Ke7 Nd5+ 58. Kf7 1-0

[Event "Late-Titled-Tuesday-Blitz-February-06-2024"]
[Site "Chess.com"]
[Date "2024.02.06"]
[Round "1"]
[White "marianokar"]
[Black "Rsnr"]
[Result "0-1"]
[WhiteElo "2482"]
[BlackElo "2904"]
[TimeControl "180+1"]
[EndTime "14:08:41 PST"]
[Termination "Rsnr won by resignation"]

1. b3 d5 2. Bb2 c6 3. g3 Bf5 4. Nf3 e6 5. Bg2 Nf6 6. O-O h6 7. d3 Be7 8. c4 O-O 9. Nbd2 a5 10. a3 Bh7 11. Rc1 Nbd7 12. Rc2 Re8 13. Qa1 Qb6 14. Ne5 Bf8 15. Nxd7 Nxd7 16. Rb1 f6 17. Bc3 Bc5 18. Rf1 Bg6 19. Rcc1 Bf7 20. d4 Bf8 21. c5 Qa6 22. e4 a4 23.
b4 Rad8 24. Rfe1 b5 25. e5 Qc8 26. exf6 gxf6 27. f4 Bg6 28. Re3 Nb8 29. Rce1 Na6 30. Nf3 Nc7 31. Nh4 Bh7 32. Qd1 Qd7 33. Qh5 Qf7 34.
Qxf7+ Kxf7 35. f5 exf5 36. Rxe8 Rxe8 37. Rxe8 Nxe8 38. Bd2 Nc7 39. Bh3 Ne6 40. Be3 Ng5 41. Bxf5 Bxf5 42. Bxg5 Bc2 43. Bf4 h5 44. Kf2 Ke6 45.
Ke3 Bg7 46. Nf3 Be4 47. Nd2 Bg2 48. Kf2 Bh3 49. Kf3 Kf5 50. Ke3 Bg2 51. Nf3 Kg4 52. Nh4 Be4 53. Kf2 Bf8 54. Ng2 Kh3 55. Ne3 Kxh2 56. g4+ Kh3 57. gxh5 Kh4 58. h6 Kh5 59.
Nxd5 Bxd5 60. h7 Bg7 61. Kg3 Kg6 62. Kg4 f5+ 63. Kh4 Bxd4 64. Bd6 Kxh7 65. Be5 Bxe5 0-1